 Dungeon Crawl Stone Soup version 0.18.1-48-g4cf74bf (webtiles) character file.

169 Lennu the Chiller (level 5, -1/37 HPs)
             Began as a Merfolk Ice Elementalist on July 5, 2016.
             Killed by Freeze
             ... invoked by Lennu's ghost
              (13 damage)
             ... on level 3 of the Dungeon.
             The game lasted 00:13:18 (3403 turns).

Lennu the Chiller (Merfolk Ice Elementalist)        Turns: 3403, Time: 00:13:18

Health: -1/37      AC: 13    Str:  8    XL:     5   Next: 50%
Magic:  6/9        EV: 14    Int: 14    God:
Gold:   56         SH:  0    Dex: 16    Spells: 3 memorised, 1 level left

rFire  . . .     SeeInvis .     e - +0 halberd
rCold  . . .     Gourm    .     i - +0 robe {MR+}
rNeg   . . .     Faith    .     (shield currently unavailable)
rPois  .         Spirit   .     (no helmet)
rElec  .         Dismiss  .     (no cloak)
rCorr  .         Reflect  .     n - +0 pair of gloves
SustAt .         Harm     .     (no boots)
MR     +....                    (no amulet)
Stlth  ++........               (no ring)
                                h - +5 ring of protection

@: icy armour, slow, somewhat resistant to hostile enchantments, unstealthy
A: change form in water, swift swim
a: no special abilities


You were on level 3 of the Dungeon.
You were not hungry.

You visited 1 branch of the dungeon, and saw 3 of its levels.

You collected 56 gold pieces.

Inventory:

Hand Weapons
 e - a +0 halberd (weapon)
Missiles
 a - 2 javelins (quivered)
Armour
 i - a +0 robe of magic resistance (worn)
 n - a +0 pair of gloves (worn)
Jewellery
 h - a +5 ring of protection (left hand)
 k - a cursed -3 ring of intelligence {unknown}
Scrolls
 f - a scroll of immolation
 g - a scroll of identify
 l - a scroll of remove curse
Potions
 m - a potion of lignification {unknown}
Books
 b - a book of Frost

   Spells                             Type                      Level
   a - Freeze                         Ice                          1
   b - Throw Frost                    Conjuration/Ice              2
   c - Ozocubu's Armour               Charms/Ice                   3
   d - Throw Icicle                   Conjuration/Ice              4
   e - Summon Ice Beast               Ice/Summoning                4
Comestibles
 c - a bread ration
 j - a meat ration


   Skills:
 * Level 1.5 Fighting
 * Level 1.5 Polearms
 * Level 0.5 Armour
 * Level 3.6 Dodging
 + Level 2.2 Stealth
 + Level 2.8 Spellcasting
   Level 0.7 Conjurations
 + Level 0.2 Charms
 * Level 4.8 Ice Magic


You had one spell level left.
You knew the following spells:

 Your Spells              Type           Power        Failure   Level  Hunger
a - Freeze                Ice            ###.         2%          1    #......
b - Ozocubu's Armour      Chrm/Ice       #.......     24%         3    ###....
c - Summon Ice Beast      Ice/Summ       #.......     82%         4    #####..


Dungeon Overview and Level Annotations

Branches:
Dungeon (3/15)

Altars:
Fedhas
Ru

Annotations:
D:3 Lennu's ghost, amateur MfIE


Message History

Lennu's ghost is lightly damaged.
Lennu's ghost closely misses you.
You hit Lennu's ghost.
Lennu's ghost is lightly damaged.
Lennu's ghost barely misses you.
An orc comes into view. It is wielding a short sword.
The orc shouts!
You slash Lennu's ghost!
Lennu's ghost is moderately damaged.
Lennu's ghost points at you and mumbles some strange words.
You are frozen.
Lennu's ghost barely misses you.
You slash Lennu's ghost!
Lennu's ghost is severely damaged.
Lennu's ghost closely misses you.
You hit Lennu's ghost.
Lennu's ghost is almost destroyed.
Lennu's ghost barely misses you.
Lennu's ghost points at you and mumbles some strange words.
You are frozen.
You die...

######## #......#
#......# #..(...#
########......#
#.............####.
#...........<...%..
#..........@W.###.
####...........o.#
....................
###..........<...#.#
####>).....[.###.##...#
#.<..#.......# #.# ..##
..####.......# #.# ##
## ######### ...


You could see Lennu's ghost and an orc.

Vanquished Creatures
  7 gnolls
  4 adders
  3 worms (D:2)
  2 dart slugs
  2 giant geckos (D:1)
  A ball python (D:2)
  3 giant cockroaches
  7 goblins
  9 hobgoblins
  A jackal (D:1)
  5 bats
  A giant newt (D:2)
  6 kobolds
  5 rats
56 creatures vanquished.

Notes
Turn   | Place    | Note
--------------------------------------------------------------
     0 | D:1      | Lennu the Merfolk Ice Elementalist began the quest for the Orb.
     0 | D:1      | Reached XP level 1. HP: 13/13 MP: 3/3
   196 | D:1      | Reached XP level 2. HP: 19/19 MP: 3/5
   543 | D:1      | Reached skill level 4 in Ice Magic
   647 | D:1      | Reached XP level 3. HP: 20/24 MP: 3/6
   830 | D:2      | Found a sacrificial altar of Ru.
  1658 | D:2      | Reached XP level 4. HP: 30/30 MP: 1/7
  2575 | D:1      | HP: 1/31 [gnoll/whip (3)]
  2577 | D:1      | Reached skill level 1 in Fighting
  2577 | D:1      | Reached XP level 5. HP: 31/37 MP: 9/9
  2629 | D:1      | Reached skill level 1 in Polearms
  2652 | D:1      | Learned a level 3 spell: Ozocubu's Armour
  2657 | D:1      | Learned a level 4 spell: Summon Ice Beast
  3109 | D:2      | Found a blossoming altar of Fedhas.
  3397 | D:3      | Noticed Lennu's ghost (amateur MfIE)
  3403 | D:3      | Killed from afar by Lennu's ghost

Skill      XL: |  1  2  3  4  5 |
---------------+----------------+-----
Ice Magic      | 4 |  4.8
Dodging        | 3 |  3.6
Fighting       | 1 |  1.5
Polearms       | 1 |  1.5
Armour         | |  0.5
Stealth        | |  2.2
Spellcasting   | |  2.8
Conjurations   | |  0.7
Charms         | |  0.2

Action                   |  1- 3 |  4- 6 || total
-------------------------+-------+-------++-------
Melee: Dagger            |     9 |       ||     9
       Whip              |     7 |       ||     7
       Short sword       |     6 |       ||     6
       Halberd           |       |   124 ||   124
Throw: Javelin           |       |     2 ||     2
 Cast: Freeze            |    51 |    23 ||    74
       Ozocubu's Armour  |       |     8 ||     8
  Use: Scroll            |     3 |     2 ||     5
       Potion            |       |     1 ||     1
 Stab: Sleeping          |     1 |     2 ||     3
  Eat: Chunk             |     1 |     3 ||     4
       Bread ration      |     1 |       ||     1
       Beef jerky        |     1 |       ||     1
Armor: Robe              |    20 |    65 ||    85
Dodge: Dodged            |    51 |   106 ||   157
